AoeStats
← [PSCH] R!ce

Arabia

506646967Analyzed
1v1 RM · 18d ago on Sep 14, 2026· 40m 48s· 2 players
Game mode
Random Map
Map size
Tiny (2 player)
Population
200
Speed
Normal
Resources
Standard
Victory
Conquest
Starting age
Dark Age
Ending age
Imperial Age
RankedLock teamsTeams togetherTeam positionsShared explorationLock speedFull tech treeHidden civsTurbo modeCheats
Victory
Defeat
🇺🇸 Cumans · United States
1517
+16
🇨🇭 Burmese · Switzerland
1521
-16
sabernosefish
6:53 Loom
7:09 Loom
9:46 Feudal Age
9:57 Man-at-Arms
10:45 Double-Bit Axe
15:05 Fletching
17:50 Wheelbarrow
17:11 Town Watch
22:02 Castle Age
20:26 Horse Collar
21:23 Scale Barding Armor
22:22 Bloodlines
22:56 Bow Saw
25:10 Forging
28:27 Chain Barding Armor
29:26 Capped Ram
30:05 Gold Mining
34:41 Imperial Age
33:32 Bodkin Arrow
35:46 Conscription
34:46 Cavalier
36:10 Plate Barding Armor
37:03 Light Cavalry
39:10 Chemistry
38:32 Hussar
[PSCH] R!ce
8:00 Loom
10:42 Feudal Age
10:46 Man-at-Arms
21:35 Castle Age
20:48 Fletching
22:10 Long Swordsman
23:05 Scale Mail Armor
23:01 Bodkin Arrow
23:11 Padded Archer Armor
22:32 Elite Skirmisher
23:35 Elite Skirmisher
26:45 Chain Mail Armor
26:53 Fervor
27:04 Sanctity
27:50 Bodkin Arrow
32:28 Wheelbarrow
33:41 Bloodlines
37:26 Imperial Age
37:31 Elite Arambai
38:06 Elite Arambai
Connection lost

Rejoining the realm…

Still unreachable

The connection could not be restored.

Session expired

The server has moved on; the page needs a fresh start.